 Dungeon Crawl Stone Soup version 0.30-a0-54-g2e61a25929 (webtiles) character file.

Game seed: 11062146683305544933

50215 skarlinski the Severer (level 14, -12/133 HPs)
             Began as a Minotaur Fighter on Sept 6, 2022.
             Was a High Priest of Trog.
             Mangled by a skeletal warrior
             ... wielding a +0 dire flail
              (14 damage)
             ... on level 15 of the Dungeon on Sept 7, 2022.
             The game lasted 01:40:18 (24276 turns).

skarlinski the Severer (Minotaur Fighter)          Turns: 24276, Time: 01:40:20

Health: -12/133    AC: 18    Str: 25    XL:     14   Next: 18%
Magic:  4/4        EV: 17    Int:  5    God:    Trog [*****.]
Gold:   710        SH:  0    Dex: 17    Spells: 13/13 levels left

rFire   . . .      SeeInvis .    u - +7 battleaxe "Xurr" {antimagic, rN++}
rCold   . . .      Faith    .    (shield currently unavailable)
rNeg    + + .      Spirit   .    t - +3 scale mail "Ammer" {+Blink}
rPois   .          Reflect  .    (helmet restricted)
rElec   .          Harm     .    b - +2 cloak
rCorr   .          Rampage  .    E - +0 pair of gloves
Will    +....                    (no boots)
Stlth   +.........               m - amulet of regeneration
HPRegen 1.12/turn                q - +6 ring of dexterity
MPRegen 0.09/turn                p - +4 ring of evasion

@: spiked
A: horns 2, retaliatory headbutt
a: Renounce Religion, Evoke Blink, Berserk, Trog's Hand, Brothers in Arms


You were on level 15 of the Dungeon.
You worshipped Trog.
Trog was extremely pleased with you.
You visited 5 branches of the dungeon, and saw 21 of its levels.
You also visited: Ossuary.

You collected 2146 gold pieces.
You spent 1436 gold pieces at shops.

Inventory:

Hand Weapons
 c - the +6 dagger of the Blind Eye {drain, rC- Str+8 Dex+2}
   (You found it on level 1 of the Lair of Beasts)

   A truly terrible weapon, it drains the life of any living foe it strikes.
   Str:       It affects your strength (+8).
   Dex:       It affects your dexterity (+2).
   rC:        It makes you vulnerable to cold.
 u - the +7 battleaxe "Xurr" (weapon) {antimagic, rN++}
   (You found it on level 5 of the Dungeon)

   It reduces the magical energy of the wielder, and disrupts the spells and
   magical abilities of those it strikes.
   Natural abilities and divine invocations are not affected.
   rN:        It greatly protects you from negative energy.
 A - a +3 dire flail of holy wrath
 O - a +4 flail of freezing
Missiles
 y - 2 throwing nets (quivered)
Armour
 b - a +2 cloak (worn)
 o - a +1 chain mail of poison resistance
 t - the +3 scale mail "Ammer" (worn) {+Blink}
   (You bought it in a shop on level 2 of the Orcish Mines)

   +Blink:    It lets you blink.
 w - a +1 robe of positive energy
 z - +0 acid dragon scales
 E - a +0 pair of gloves (worn)
 U - a +1 scale mail of fire resistance
Magical Staves
 T - a staff of cold
Jewellery
 m - an amulet of regeneration (around neck)
 p - a +4 ring of evasion (right hand)
 q - a +6 ring of dexterity (left hand)
 D - an amulet of faith
 W - an amulet of magic regeneration
Wands
 a - a wand of iceblast (3)
 d - a wand of flame (50)
 G - a wand of charming (25)
 M - a wand of polymorph (5)
 P - a wand of light (10)
 R - a wand of mindburst (9)
Scrolls
 e - 6 scrolls of identify
 f - 6 scrolls of magic mapping
 g - 2 scrolls of torment {unknown}
 k - a scroll of acquirement {unknown}
 B - 4 scrolls of poison
 F - 2 scrolls of fear {unknown}
 J - 4 scrolls of noise {unknown}
 K - 4 scrolls of butterflies
 L - 8 scrolls of teleportation {unknown}
 N - a scroll of blinking
 Y - 3 scrolls of enchant armour
 Z - 2 scrolls of amnesia {unknown}
Potions
 h - 3 potions of haste
 i - 4 potions of attraction
 j - 3 potions of brilliance
 l - 3 potions of flight
 r - a potion of mutation {unknown}
 s - 5 potions of heal wounds
 v - 2 potions of berserk rage
 x - 2 potions of cancellation
 H - 2 potions of lignification {unknown}
 I - 5 potions of might
 Q - 2 potions of resistance
 S - 3 potions of curing
 V - a potion of ambrosia
Miscellaneous
 n - a lightning rod (4/4)
 C - a phantom mirror
 X - a lightning rod (4/4)


   Skills:
 + Level 14.6 Fighting
 + Level 19.7(19.8) Axes
 + Level 2.0(13.1) Maces & Flails
 + Level 14.0 Armour
 + Level 5.2 Dodging
 + Level 2.9 Stealth
 + Level 6.5 Shields
 + Level 3.3 Evocations


You had 13 spell levels left.
You didn't know any spells.
Your spell library contained the following spells:

 Spells                   Type           Power      Damage    Failure   Level
 Apportation              Tloc           0%         N/A       69%         1
 Foxfire                  Conj/Fire      0%         2x1d4     69%         1
 Magic Dart               Conj           0%         1d3       69%         1
 Necrotise                Necr           0%         1d4       69%         1
 Summon Small Mammal      Summ           0%         N/A       69%         1
 Call Imp                 Summ           0%         N/A       83%         2
 Scorch                   Fire           0%         2d5       83%         2
 Conjure Flame            Conj/Fire      0%         6-21      96%         3
 Frozen Ramparts          Ice            0%         1d1       96%         3
 Inner Flame              Hex/Fire       0%         N/A       96%         3
 Mephitic Cloud           Conj/Pois/Air  0%         N/A       96%         3
 Flame Wave               Conj/Fire      0%         2d4       100%        4
 Fulminant Prism          Conj/Hex       0%         3d6       100%        4
 Ice Form                 Ice/Tmut       0%         N/A       100%        4
 Iskenderun's Mystic Bla  Conj/Tloc      0%         2d3       100%        4
 Passage of Golubria      Tloc           0%         N/A       100%        4
 Summon Ice Beast         Ice/Summ       0%         N/A       100%        4
 Fireball                 Conj/Fire      0%         3d3       100%        5
 Iskenderun's Battlesphe  Conj           0%         2d6       100%        5
 Lee's Rapid Deconstruct  Erth           0%         3d5*      100%        5
 Silence                  Hex/Air        0%         N/A       100%        5
 Conjure Ball Lightning   Conj/Air       0%         3x3d6     100%        6
 Summon Cactus Giant      Summ           0%         N/A       100%        6
 Orb of Destruction       Conj           0%         9d5       100%        7
 Lehudib's Crystal Spear  Conj/Erth      0%         10d2      100%        8


Dungeon Overview and Level Annotations

Branches:
Dungeon (15/15)            Temple (1/1) D:4            Lair (2/5) D:10
    Orc (2/2) D:12            Elf (1/3) Orc:2        Vaults (0/5) D:14
Ossuary (visited)
  Swamp: Lair:2-3    Shoals: Lair:2-3     Snake: Lair:2-3    Spider: Lair:2-3
 Depths: D:15

Altars:
Ashenzari
Cheibriados
Dithmenos
Elyvilon
Fedhas
Gozag
Hepliaklqana
Kikubaaqudgha
Makhleb
Nemelex Xobeh
Okawaru
Qazlal
Ru
Sif Muna
Trog
Uskayaw
Vehumet
Wu Jian
Xom
Yredelemnul
Zin
The Shining One

Shops:
D:8 *   D:9 ?   D:11 !   D:14 (   Orc:2 [(!=

Annotations:
D:11 3 runed translucent doors
D:14 2 transporters, Zoukh's ghost, journeyman MiFi
Temple exclusion: downstairs


Innate Abilities, Weirdness & Mutations

You have a pair of horns on your head.
You reflexively headbutt those who attack you in melee.


Message History

You barely miss the skeletal warrior.
The centaur warrior shoots an arrow.
The arrow closely misses you.
You closely miss the skeletal warrior. You hit the skeletal warrior.
The skeletal warrior hits you with a +0 dire flail!
The rakshasa closely misses you.
The centaur warrior shoots an arrow.
The arrow hits you. The skeletal warrior misses you. You furiously retaliate!
You headbutt the skeletal warrior, but do no damage.
You slice the skeletal warrior!!
The skeletal warrior is moderately damaged.
You hit the skeletal warrior but do no damage.
The centaur warrior shoots an arrow.
The arrow hits you!
The rakshasa hits you but does no damage.
The skeletal warrior hits you with a +0 flail!
The skeletal warrior completely misses you.
You barely miss the skeletal warrior.
The skeletal warrior is moderately damaged.
You slice the skeletal warrior!!
The centaur warrior shoots an arrow.
The arrow hits you.
Unknown command.
You hit the skeletal warrior.
The skeletal warrior is moderately damaged.
You hit the skeletal warrior but do no damage.
The centaur warrior shoots an arrow.
The arrow hits you.
The skeletal warrior hits you with a +0 dire flail!
The rakshasa hits you from afar with a +0 trident!
The skeletal warrior hits you with a +0 flail!
* * * LOW HITPOINT WARNING * * *
You barely miss the skeletal warrior.
The skeletal warrior is moderately damaged.
You slice the skeletal warrior!!
The rakshasa hits you from afar with a +0 trident!
* * * LOW HITPOINT WARNING * * *
The manticore flicks its tail.
The volley of spikes hits you!
The barbed spikes become lodged in your body.
* * * LOW HITPOINT WARNING * * *
The skeletal warrior hits you with a +0 flail!
* * * LOW HITPOINT WARNING * * *
The skeletal warrior hits you with a +0 dire flail!
You die...

... #.. ). #..# #..#...
.##..# ..##... ........
.....###.......#...#...
#....#....##........#
##.........#...R#....##
.........#.#..Hzz.....#
#............ #.@.....#
..........#.###.......#
...<.....##).#c.......#
...........).).......##
...........†.).......#
.....................#
.....................#
.......................
.......................


You could see a rakshasa, 2 skeletal warriors, a centaur warrior and a
manticore.

Vanquished Creatures
  An orc warlord (Orc:1)
  A yaktaur captain (D:14)
  Harold (D:9)
  3 hydras
  4 centaur warriors
  5 two-headed ogres
  A fire crab (shapeshifter) (D:14)
  Sonja (D:10)
  A slime creature (D:14)
  A skeletal warrior (D:15)
  4 orc knights
  2 orc sorcerers
  2 deep elf zephyrmancers (Elf:1)
  3 deep elf pyromancers (Elf:1)
  6 ugly things (D:14)
  Maurice (D:10)
  4 cyclopes
  3 manticores
  Joseph (D:9)
  3 gargoyles
  3 cane toads (Lair:2)
  4 kobold demonologists
  Psyche (D:9)
  3 unseen horrors (D:11)
  2 yaktaurs (D:14)
  4 tengu conjurers
  3 komodo dragons
  8 trolls
  A queen bee (D:9)
  A hornet (D:11)
  Sigmund (D:4)
  A vampire (D:11)
  A wraith (D:12)
  24 yaks
  4 wyverns
  2 shadows
  Eustachio (D:6)
  4 vampire mosquitoes (D:14)
  A basilisk (Lair:1)
  Grum (D:9)
  Edmund (D:4)
  3 steam dragons
  4 wargs
  2 acid dragons
  4 water moccasins
  39 orc warriors
  2 ice beasts
  3 sky beasts
  4 black bears
  The ghost of sausages the Trooper, an amateur MiFi (D:3)
  6 wolves
  10 ogres
  26 centaurs
  10 kobold brigands
  2 elf zombies (Ossuary)
  5 gnoll sergeants (D:12)
  5 bullfrogs
  8 scorpions
  5 necrophages
  7 wights
  17 killer bees (D:9)
  4 howler monkeys
  A centaur zombie (Ossuary)
  2 human zombies (Ossuary)
  2 quasits (D:3)
  3 hounds
  A jelly (D:7)
  2 gnoll boudas
  7 orc priests
  Terence (D:2)
  3 iguanas
  22 orc wizards
  2 mummies (Ossuary)
  Robin (D:4)
  4 gnolls
  4 adders
  A shadow imp (D:7)
  2 white imps (D:8)
  2 ufetubi
  3 adder zombies (Ossuary)
  2 worms (D:2)
  64 orcs
  2 bats (D:2)
  5 endoplasms
  2 giant cockroaches
  11 goblins
  8 hobgoblins
  4 quokkas
  6 ball pythons
  11 hobgoblin zombies (Ossuary)
  21 kobolds
  10 kobold zombies (Ossuary)
  8 orc zombies (Ossuary)
  5 rats
508 creatures vanquished.

Vanquished Creatures (collateral kills)
  A cyclops (D:12)
  An orc warrior (Orc:2)
  A quasit (D:3)
3 creatures vanquished.

Vanquished Creatures (others)
  An orc (Orc:2)
  6 fungi
  15 plants
22 creatures vanquished.

Grand Total: 533 creatures vanquished

Notes
Turn   | Place    | Note
-------+----------+-------------------------------------------
     0 | D:1      | skarlinski the Minotaur Fighter began the quest for the
                  | Orb.
     0 | D:1      | Reached XP level 1. HP: 19/19 MP: 0/0
   239 | D:1      | Found a faded altar of an unknown god.
   289 | D:1      | Reached XP level 2. HP: 27/27 MP: 1/1
   608 | D:1      | Reached skill level 3 in Axes
  1017 | D:2      | Noticed Terence
  1028 | D:2      | Killed Terence
  1029 | D:2      | Reached XP level 3. HP: 18/33 MP: 2/2
  1613 | D:2      | Reached XP level 4. HP: 40/40 MP: 3/3
  1773 | D:3      | Found a transporter.
  1779 | D:3      | Noticed sausages's ghost (amateur MiFi)
  1794 | D:3      | Found a transporter.
  1820 | D:3      | Reached skill level 4 in Axes
  1825 | D:3      | Reached XP level 5. HP: 44/46 MP: 4/4
  1843 | D:3      | Killed sausages's ghost
  1844 | D:3      | Reached skill level 5 in Axes
  1844 | D:3      | Reached skill level 5 in Armour
  2108 | D:3      | You fall into a shaft and drop 3 floors!
  2132 | D:5      | Entered Level 5 of the Dungeon
  3062 | D:5      | Noticed a black bear
  3074 | D:5      | Reached XP level 6. HP: 45/53 MP: 5/5
  3077 | D:5      | Reached skill level 1 in Dodging
  3084 | D:5      | Reached skill level 6 in Axes
  3105 | D:5      | Identified the +7 battleaxe "Xurr" {antimagic, rN++}
  3330 | D:4      | Reached XP level 7. HP: 52/60 MP: 6/6
  3556 | D:4      | Reached skill level 1 in Evocations
  3586 | D:4      | Found a staircase to the Ecumenical Temple.
  3634 | D:4      | Noticed Sigmund
  3649 | Temple   | Entered the Ecumenical Temple
  3769 | Temple   | Became a worshipper of Trog the Wrathful
  3836 | D:4      | Killed Sigmund
  3837 | D:4      | Reached skill level 7 in Axes
  4101 | D:4      | Noticed Edmund
  4119 | D:4      | Killed Edmund
  4120 | D:4      | Reached skill level 5 in Fighting
  4348 | D:4      | Noticed Robin
  4358 | D:4      | Killed Robin
  4545 | D:4      | You fall into a shaft and drop 1 floor!
  4608 | D:4      | Reached skill level 8 in Axes
  4608 | D:4      | Reached XP level 8. HP: 36/69 MP: 7/7
  4873 | D:5      | Reached skill level 5 in Shields
  5616 | D:6      | Reached skill level 9 in Axes
  5748 | D:6      | Noticed Eustachio
  5777 | D:6      | Killed Eustachio
  5778 | D:6      | Reached skill level 1 in Stealth
  5808 | D:6      | Reached * piety under Trog
  5809 | D:6      | Reached XP level 9. HP: 60/78 MP: 8/8
  6128 | D:6      | Found an ornate altar of the Wu Jian Council.
  6586 | D:7      | Found a sand-covered staircase.
  6591 | Ossuary  | Entered an ossuary
  6692 | Ossuary  | Reached ** piety under Trog
  6825 | Ossuary  | Reached skill level 10 in Axes
  7484 | D:7      | Reached skill level 11 in Axes
  8148 | D:7      | Reached skill level 12 in Axes
  8259 | D:7      | Reached XP level 10. HP: 84/88 MP: 3/9
  8681 | D:7      | Reached *** piety under Trog
  8808 | D:8      | Found Ujumoetui's Assorted Antiques.
  8830 | D:8      | Bought a scroll of identify for 48 gold pieces
  8830 | D:8      | Bought a potion of curing for 72 gold pieces
  8830 | D:8      | Bought a scroll labelled LEEWENTOEMI for 24 gold pieces
  8830 | D:8      | Bought a scroll labelled USEBAA YXTIXKI for 24 gold pieces
  8830 | D:8      | Bought a scroll labelled VAKLYL FIXUN for 24 gold pieces
  8939 | D:8      | Found a shimmering blue altar of Sif Muna.
  8939 | D:8      | Found a stormy altar of Qazlal.
  8939 | D:8      | Found an opulent altar of Gozag.
  9422 | D:8      | Found a shadowy altar of Dithmenos.
  9661 | D:9      | Upgraded the game from 0.30-a0-52-g86a8295270 to
                  | 0.30-a0-54-g2e61a25929
  9685 | D:9      | Found a glowing golden altar of the Shining One.
  9852 | D:9      | Noticed Joseph
  9873 | D:9      | Killed Joseph
  9874 | D:9      | Reached skill level 13 in Axes
 10275 | D:9      | Reached **** piety under Trog
 10593 | D:9      | Reached skill level 10 in Armour
 10664 | D:9      | Found Zycot's Magic Scroll Shoppe.
 10675 | D:9      | Bought a scroll of blinking for 105 gold pieces
 10675 | D:9      | Bought a scroll of enchant armour for 105 gold pieces
 10675 | D:9      | Bought a scroll of identify for 28 gold pieces
 10675 | D:9      | Bought a scroll of vulnerability for 56 gold pieces
 10675 | D:9      | Bought 2 scrolls of identify for 56 gold pieces
 10675 | D:9      | Bought a scroll of immolation for 56 gold pieces
 10679 | D:9      | Noticed Harold
 10696 | D:9      | Killed Harold
 10697 | D:9      | Reached skill level 14 in Axes
 10697 | D:9      | Reached XP level 11. HP: 86/97 MP: 3/10
 10709 | D:9      | Noticed Grum
 10712 | D:9      | Noticed a two-headed ogre
 10716 | D:9      | Killed Grum
 10723 | D:9      | Killed a two-headed ogre
 11058 | D:9      | Noticed Psyche
 11060 | D:9      | Killed Psyche
 11061 | D:9      | Reached skill level 10 in Fighting
 11562 | D:10     | Entered Level 10 of the Dungeon
 11684 | D:10     | Noticed Maurice
 11695 | D:10     | Reached ***** piety under Trog
 11717 | D:10     | Found a blossoming altar of Fedhas.
 11739 | D:10     | Killed Maurice
 11899 | D:10     | Reached skill level 15 in Axes
 12104 | D:10     | Found a staircase to the Lair.
 12482 | D:10     | Noticed Sonja
 12490 | D:10     | Killed Sonja
 12527 | Lair:1   | Entered Level 1 of the Lair of Beasts
 12616 | Lair:1   | Received a gift from Trog
 13449 | Lair:1   | Identified the +6 dagger of the Blind Eye {drain, rC- Str+8
                  | Dex+2}
 13642 | Lair:2   | Reached skill level 16 in Axes
 13642 | Lair:2   | Reached XP level 12. HP: 102/110 MP: 3/11
 13839 | Lair:2   | Noticed a six-headed hydra
 15194 | D:11     | Found Ysiekh's Distillery.
 15201 | D:11     | Bought a potion of curing for 30 gold pieces
 15201 | D:11     | Bought a potion of cancellation for 80 gold pieces
 15251 | D:11     | Noticed a two-headed ogre
 15258 | D:11     | Killed a two-headed ogre
 15744 | D:11     | Noticed a two-headed ogre
 15751 | D:11     | Killed a two-headed ogre
 15939 | D:11     | Noticed a two-headed ogre
 15949 | D:11     | Killed a two-headed ogre
 16305 | D:11     | Found a runed translucent door.
 16305 | D:11     | Noticed an eight-headed hydra
 16306 | D:11     | Noticed a two-headed ogre
 16306 | D:11     | Noticed an ogre mage
 16306 | D:11     | Noticed a tengu warrior
 16309 | D:11     | Found a runed translucent door.
 16309 | D:11     | Found a runed translucent door.
 16310 | D:11     | Identified the ring "Belideph" {rElec rN+ EV+4 Dex+2}
 16310 | D:11     | Noticed a centaur warrior
 18008 | D:12     | Noticed a seven-headed hydra
 18016 | D:12     | Killed a seven-headed hydra
 18017 | D:12     | Reached skill level 17 in Axes
 18333 | D:12     | Found a staircase to the Orcish Mines.
 18515 | Orc:1    | Entered Level 1 of the Orcish Mines
 18804 | Orc:1    | Noticed an orc warlord
 18841 | D:12     | Reached XP level 13. HP: 42/119 MP: 4/12
 19241 | Orc:1    | Killed an orc warlord
 19718 | Orc:2    | Entered Level 2 of the Orcish Mines
 19881 | Orc:2    | Found a staircase to the Elven Halls.
 19965 | Orc:2    | Reached skill level 18 in Axes
 20103 | Elf:1    | Entered Level 1 of the Elven Halls
 20616 | Orc:2    | Found Amum's Distillery.
 20616 | Orc:2    | Found Xefy's Weapon Shop.
 20618 | Orc:2    | Found Xuceusm's Armour Boutique.
 20620 | Orc:2    | Found Velunkef's Jewellery Emporium.
 20624 | Orc:2    | Bought a potion of heal wounds for 50 gold pieces
 20624 | Orc:2    | Bought a potion of berserk rage for 50 gold pieces
 20624 | Orc:2    | Bought a potion of heal wounds for 50 gold pieces
 20624 | Orc:2    | Bought a potion of heal wounds for 50 gold pieces
 20627 | Orc:2    | Bought the +3 scale mail "Ammer" {+Blink} for 528 gold
                  | pieces
 22216 | D:13     | Reached skill level 19 in Axes
 22788 | D:14     | Found Ifarr's Antique Weapon Boutique.
 22793 | D:14     | Noticed a storm dragon
 22804 | D:14     | Noticed Zoukh's ghost (journeyman MiFi)
 22827 | D:14     | Found a gate to the Vaults.
 23279 | D:14     | Reached XP level 14. HP: 115/133 MP: 4/13
 23287 | D:14     | Reached skill level 5 in Dodging
 23656 | D:15     | Entered Level 15 of the Dungeon
 23777 | D:14     | Reached skill level 1 in Maces & Flails
 23966 | D:14     | Found a transporter.
 23982 | D:14     | Found a transporter.
 24276 | D:15     | HP: 2/133 [skeletal warrior/+0 flail (11)]
 24276 | D:15     | Mangled by a skeletal warrior

Illustrated notes

Levels and vault maps discovered:
D:1:      dpeg_arrival_tiny_j, layout_basic,
          hellmonk_ecumenical_altar_arch_garden
D:2:      layout_basic, uniq_terence
D:3:      layout_loops_ring, gammafunk_ghost_stat_death, saegor_snake_ambush
D:4:      layout_loops_ring, minmay_temple_entry_drinking_statues, uniq_robin,
          uniq_sigmund, uniq_edmund
D:5:      layout_rooms, minmay_checkerbox
D:6:      layout_basic, nzn_wu_jian_contemplation, uniq_eustachio
D:7:      minmay_polygon_palace, layout_gridville, enter_ossuary_2
D:8:      layout_basic, kennysheep_mini, grunt_temple_overflow_open,
          serial_shops, shop
D:9:      layout_layer_cave, tso_oasis_becter, serial_shops,
          kennysheep_mini_moat, minivault_7, uniq_psyche, uniq_harold,
          uniq_grum, uniq_joseph
D:10:     layout_stronghold, fedhas_altar_fruit_tree, david_lair_shrubbed,
          uniq_sonja, uniq_maurice
D:11:     minmay_the_grid_triangle_9x9_rhombus_full
          [minmay_the_grid_triangle_9x9_empty,
          minmay_the_grid_triangle_9x9_fully_insulated_deathbox,
          minmay_the_grid_triangle_9x9_sparse_checkered,
          minmay_the_grid_triangle_9x9_descending_squares,
          minmay_the_grid_triangle_9x9_thin_v,
          minmay_the_grid_triangle_9x9_limited_checkers,
          minmay_the_grid_triangle_9x9_shrine,
          minmay_the_grid_triangle_9x9_prize_schism], layout_loops_ring,
          serial_shops, shop, st_stairs_13
D:12:     layout_roguey, kennysheep_orc_monster_closet_entryway
D:13:     layout_irregular_city, gauntlet_entry_generic
D:14:     layout_long_grid, david_vaults_2, serial_shops, nicolae_stop_n_shop_2,
          gammafunk_ghost_berserking_beasts, minmay_statues_item
D:15:     hangedman_depths_entry_try_elsewhere_first, layout_rooms,
          ashenzari_altar_1, roderic_batcave, small_statue_intersection,
          nicolae_dithmenos_shadow_blocks
Temple:   nicolae_temple_superstar
Lair:1:   layout_gridlike, chequers_serial_rivers_micro_d,
          dreamdust_gnoll_shepherd
Lair:2:   layout_layer_cave, minmay_swamp_entry_reptiles,
          infiniplex_staircase_pool_2, lemuel_fruit_tree, serial_bayou_shore_a
Orc:1:    layout_caves, basic_altar
Orc:2:    st_orc_rangers, layout_diamond_mine
Elf:1:    eino_elf_arrival_altar, layout_loops_corners, minmay_elf_sorcery,
          minivault_26, minmay_misc_feat_columns

Skill      XL: |  1  2  3  4  5  6  7  8  9 10 11 12 13 14 |
---------------+-------------------------------------------+-----
Armour         | 4 5 6 7 8 10 11 13 14 | 14.0
Axes           | 3 4 5 6 8 9 12 14 16 17 19 | 19.7
Fighting       | 4 5 6 7 9 11 12 14 | 14.6
Shields        | 4 6 |  6.5
Dodging        | 1 2 3 4 5 |  5.2
Evocations     | 1 2 3 |  3.3
Stealth        | 1 2 |  2.9
Maces & Flails | 2 |  2.0

Action                   |  1- 3 |  4- 6 |  7- 9 | 10-12 | 13-15 || total
-------------------------+-------+-------+-------+-------+-------++-------
Melee: War axe           |    68 |    45 |   249 |       |       ||   362
       Headbutt          |     9 |     2 |    62 |    96 |    73 ||   242
       Battleaxe         |       |       |    66 |   488 |   272 ||   826
       Flail             |       |       |       |     2 |       ||     2
       Dire flail        |       |       |       |       |    11 ||    11
Invok: Berserk           |       |       |       |     1 |     2 ||     3
       Trog's Hand       |       |       |       |     1 |     1 ||     2
       Brothers in Arms  |       |       |       |     1 |     1 ||     2
 Abil: Evoke Blink       |       |       |       |       |    17 ||    17
Evoke: Wand              |       |    10 |     2 |     1 |       ||    13
  Use: Scroll            |       |     1 |     4 |     5 |       ||    10
       Potion            |       |     1 |       |     1 |     3 ||     5
Armor: Scale mail        |    18 |       |       |       |   100 ||   118
       Chain mail        |    35 |    54 |   159 |   279 |   118 ||   645
Dodge: Dodged            |    35 |    32 |   176 |   383 |   465 ||  1091
Block: Buckler           |    25 |    16 |    45 |       |       ||    86

Table legend: (Time is in decaauts)
 A = Elapsed time spent in this place.
 B = Non-inter-level travel time spent in this place.
 C = Inter-level travel time spent in this place.
 D = Time resting spent in this place.
 E = Time spent auto-exploring this place.
 F = Levels seen in this place.
 G = Mean time per level.
                   A        B        C        D        E       F      G
               +--------+--------+--------+--------+--------+-----+--------+
         Total |  24343 |  22964 |   1379 |   6925 |   8646 |  22 | 1106.5 |
       Dungeon |  19455 |  18260 |   1195 |   5818 |   6891 |  15 | 1297.0 |
        Temple |    164 |    148 |     16 |      0 |     18 |   1 |  164.0 |
          Lair |   2029 |   1960 |     69 |    660 |   1045 |   2 | 1014.5 |
  Orcish Mines |   2020 |   1922 |     98 |    226 |    665 |   2 | 1010.0 |
   Elven Halls |    289 |    289 |      0 |    221 |      0 |   1 |  289.0 |
       Ossuary |    383 |    383 |      0 |      0 |     27 |   1 |  383.0 |
               +--------+--------+--------+--------+--------+-----+--------+

Top non-repeatable levels by time:
    D:11: 3138 daAuts
     D:5: 2008 daAuts
     D:9: 1985 daAuts
     D:7: 1928 daAuts
  Lair:1: 1805 daAuts
    D:10: 1599 daAuts
     D:4: 1353 daAuts
    D:14: 1328 daAuts
   Orc:2: 1186 daAuts
    D:12: 1182 daAuts
     D:1: 993 daAuts
     D:8: 970 daAuts
     D:6: 924 daAuts
   Orc:1: 834 daAuts
    D:13: 825 daAuts
